 Dungeon Crawl Stone Soup version 0.29.1-2-gbd0b4ee654 (webtiles) character file.

Game seed: 14856288055338695119

3628 Orthodox the Fighter (level 10, -19/68 HPs)
             Began as a Gargoyle Fighter on Oct 23, 2022.
             Was a Priest of Okawaru.
             Demolished by a boulder beetle (34 damage)
             ... on level 8 of the Dungeon.
             The game lasted 00:25:39 (10577 turns).

Orthodox the Fighter (Gargoyle Fighter)            Turns: 10577, Time: 00:25:39

Health: -19/68     AC: 22    Str: 22    XL:     10   Next: 11%
Magic:  14/14      EV: 14    Int:  9    God:    Okawaru [***...]
Gold:   383        SH: 11    Dex: 17    Spells: 9/9 levels left

rFire   . . .      SeeInvis .   a - +0 flail
rCold   . . .      Faith    .   c - +0 buckler
rNeg    + . .      Spirit   .   u - +3 ring mail
rPois   ∞          Reflect  +   p - +2 hat
rElec   +          Harm     .   q - +0 cloak
rCorr   .          Rampage  .   D - +2 pair of gloves
Will    .....                   (no boots)
Stlth   +.........              o - amulet of reflection
HPRegen 0.21/turn               f - +6 ring of dexterity
MPRegen 0.14/turn               w - +4 ring of evasion

@: mighty
A: sickness immunity, AC +7, negative energy resistance 1, electricity
resistance, torment resistance 1, petrification resistance
a: Renounce Religion, Heroism


You were on level 8 of the Dungeon.
You worshipped Okawaru.
Okawaru was most pleased with you.
You visited 2 branches of the dungeon, and saw 9 of its levels.

You collected 383 gold pieces.

Inventory:

Hand Weapons
 a - a +0 flail (weapon)
 J - a +0 dagger
Missiles
 r - 4 boomerangs (quivered)
 v - 5 boomerangs of dispersal
 E - 4 atropa-tipped darts
Armour
 c - a +0 buckler (worn)
 p - a +2 hat (worn)
 q - a +0 cloak (worn)
 u - a +3 ring mail (worn)
 D - a +2 pair of gloves (worn)
Jewellery
 f - a +6 ring of dexterity (left hand)
 h - an amulet of guardian spirit
 o - an amulet of reflection (around neck)
 w - a +4 ring of evasion (right hand)
Scrolls
 b - a scroll of teleportation
 e - a scroll of magic mapping
 g - 3 scrolls of identify
 j - a scroll of poison
 n - 2 scrolls of brand weapon
 t - a scroll of fear {unknown}
 x - a scroll of vulnerability {unknown}
 y - 3 scrolls of immolation
 F - a scroll of blinking {unknown}
 H - a scroll of enchant armour {unknown}
 I - a scroll of noise {unknown}
Potions
 d - 4 potions of might
 i - 2 potions of resistance {unknown}
 k - 2 potions of attraction {unknown}
 l - 3 potions of berserk rage
 m - 4 potions of degeneration {unknown}
 s - a potion of cancellation {unknown}
 z - 3 potions of curing {unknown}
 A - 3 potions of haste {unknown}
 B - 2 potions of lignification {unknown}
 C - 2 potions of heal wounds {unknown}
 G - a potion of magic {unknown}
 K - a potion of mutation {unknown}


   Skills:
 * Level 10.4 Fighting
 * Level 9.2 Maces & Flails
 - Level 3.2 Armour
 - Level 5.0 Shields
 + Level 5.7 Invocations


You had 9 spell levels left.
You didn't know any spells.
Your spell library contained the following spells:

 Spells                   Type           Power      Damage    Failure   Level
 Apportation              Tloc           0%         N/A       63%         1
 Necrotise                Necr           0%         1d4       63%         1
 Sting                    Tmut/Pois      0%         1d3       63%         1
 Poisonous Vapours        Pois/Air       0%         N/A       77%         2
 Gell's Gravitas          Tloc           0%         N/A       94%         3
 Lesser Beckoning         Tloc           0%         N/A       94%         3
 Teleport Other           Tloc           0%         N/A       94%         3
 Olgreb's Toxic Radiance  Pois           0%         N/A       100%        4
 Summon Small Mammal      Summ           Unusable   N/A       N/A         1

Dungeon Overview and Level Annotations

Branches:
Dungeon (8/15)             Temple (1/1) D:5
   Lair: D:8-11

Altars:
Ashenzari
Cheibriados
Elyvilon
Fedhas
Hepliaklqana
Kikubaaqudgha
Makhleb
Nemelex Xobeh
Okawaru
Qazlal
Ru
Sif Muna
Trog
Uskayaw
Vehumet
Wu Jian
Xom
Yredelemnul
Zin
The Shining One

Annotations:
D:8 1 transporter


Innate Abilities, Weirdness & Mutations

You are immune to sickness and miasma.
Your stone body is resilient. (AC +7)
You are immune to poison.
You resist negative energy. (rN+)
You are resistant to electric shocks. (rElec)
You are resistant to unholy torment.
You are immune to petrification.


Message History

You hit the boulder beetle but do no damage.
The boulder beetle is severely wounded.
The boulder beetle misses you.
You hit the boulder beetle but do no damage.
The boulder beetle is severely wounded.
The boulder beetle bites you!!
You gain the combat prowess of a mighty hero.
The boulder beetle misses you.
You barely miss the boulder beetle.
The boulder beetle is severely wounded.
The boulder beetle misses you.
You hit the boulder beetle.
The boulder beetle is severely wounded.
The boulder beetle leaps!
The boulder beetle curls into a ball and begins rolling!
You hit the boulder beetle but do no damage.
The boulder beetle is heavily wounded.
The boulder beetle hits you.
The boulder beetle stops rolling and uncurls.
You hit the boulder beetle but do no damage.
The boulder beetle is heavily wounded.
The boulder beetle bites you!
* * * LOW HITPOINT WARNING * * *
You hit the boulder beetle.
The boulder beetle is heavily wounded.
You sock the boulder beetle!
The boulder beetle is severely wounded.
The boulder beetle bites you.
* * * LOW HITPOINT WARNING * * *
You barely miss the boulder beetle.
The boulder beetle is severely wounded.
The boulder beetle leaps!
Found a leather armour.
You feel like a meek peon again.
The boulder beetle curls into a ball and begins rolling!
There is a stone staircase leading down here.
There is a stone staircase leading up here.
The boulder beetle hits you!!
Ouch! That really hurt!
You die...

##...#.........~.
#...........#..#
#..........###..## #
...........#.....#..
.....##........##.## .
##...##......|.##..# ...
#....##.......##.## ...
###....#....).).....##.#
#......B@.....#<...##..#
#....○...##)##........#
##..°#.#####.........##
##.○######..........###
###.##.#.#..............
#.=B##.......#......##..
#..°..[.....###.....#...
##..○..#................
#......##..............<


You could see a boulder beetle (rolling).

Vanquished Creatures
  4 yaks (D:5)
  A wyvern (D:6)
  2 water moccasins
  3 ice beasts
  2 ogres
  4 sky beasts
  A centaur (D:7)
  2 phantoms
  A gnoll sergeant (D:7)
  2 bullfrogs
  4 scorpions
  4 wights
  A howler monkey (D:5)
  4 hounds
  9 orc priests
  A gnoll bouda (D:4)
  2 jellies
  3 iguanas
  3 orc wizards
  9 gnolls
  8 adders
  A white imp (D:6)
  5 ufetubi
  A worm (D:3)
  4 dart slugs
  40 orcs
  4 bats
  6 endoplasms
  A giant cockroach (D:2)
  11 hobgoblins
  3 jackals (D:2)
  9 kobolds
  4 quokkas
  8 ball pythons
  2 frilled lizards
  10 goblins
  6 rats
185 creatures vanquished.

Notes
Turn   | Place    | Note
-------+----------+-------------------------------------------
     0 | D:1      | Orthodox the Gargoyle Fighter began the quest for the Orb.
     0 | D:1      | Reached XP level 1. HP: 14/14 MP: 1/1
    90 | D:1      | Reached XP level 2. HP: 11/19 MP: 2/2
   818 | D:1      | Reached XP level 3. HP: 24/24 MP: 3/3
  2271 | D:2      | Reached skill level 4 in Fighting
  2394 | D:3      | Reached XP level 4. HP: 21/29 MP: 4/4
  2669 | D:3      | Found a faded altar of an unknown god.
  3176 | D:3      | Reached XP level 5. HP: 34/34 MP: 5/5
  3652 | D:3      | Reached skill level 5 in Fighting
  3652 | D:3      | Reached skill level 5 in Shields
  3652 | D:3      | Reached XP level 6. HP: 20/40 MP: 6/6
  4605 | D:4      | Reached XP level 7. HP: 43/45 MP: 7/7
  4720 | D:4      | Reached skill level 6 in Fighting
  5029 | D:5      | Entered Level 5 of the Dungeon
  5252 | D:5      | Found a staircase to the Ecumenical Temple.
  5470 | Temple   | Entered the Ecumenical Temple
  5629 | Temple   | Became a worshipper of Warmaster Okawaru
  5739 | D:5      | Reached skill level 5 in Maces & Flails
  5746 | D:5      | Reached skill level 1 in Invocations
  5948 | D:5      | Noticed a yak
  5950 | D:5      | Noticed a yak
  6751 | D:5      | Reached XP level 8. HP: 52/52 MP: 9/9
  6760 | D:5      | Reached * piety under Okawaru
  6761 | D:5      | Reached skill level 7 in Fighting
  7572 | D:5      | Noticed a yak
  7600 | D:5      | Killed a yak
  7670 | D:5      | Noticed a yak
  7672 | D:5      | Noticed a yak
  7696 | D:5      | Noticed a yak
  7700 | D:5      | Killed a yak
  7707 | D:5      | Killed a yak
  7708 | D:5      | Reached skill level 8 in Fighting
  7717 | D:5      | Killed a yak
  7718 | D:5      | Reached XP level 9. HP: 35/60 MP: 11/11
  7954 | D:6      | Reached ** piety under Okawaru
  8371 | D:6      | Reached skill level 9 in Fighting
  8751 | D:6      | Found a sparkling altar of Nemelex Xobeh.
  9096 | D:7      | Reached *** piety under Okawaru
  9110 | D:7      | Reached skill level 5 in Invocations
  9724 | D:7      | Reached skill level 10 in Fighting
 10081 | D:7      | Reached XP level 10. HP: 68/68 MP: 12/14
 10329 | D:8      | Found an ancient bone altar of Kikubaaqudgha.
 10329 | D:8      | Found a transporter.
 10329 | D:8      | Found a basalt altar of Yredelemnul.
 10477 | D:8      | Noticed a death knight
 10477 | D:8      | Noticed a skeletal warrior
 10498 | D:8      | Noticed a skeletal warrior
 10499 | D:8      | Noticed a boulder beetle
 10577 | D:8      | Demolished by a boulder beetle

Illustrated notes

Levels and vault maps discovered:
D:1:      sevenhm_arrival_forest_fort_large_4, layout_rooms
D:2:      layout_basic, grunt_decor_mini_mirrors, minmay_tromino_v4_c
D:3:      layout_basic, nicolae_ecumenical_snake_handling
D:4:      layout_rooms
D:5:      layout_basic, minmay_temple_entry_statues_pillars,
          hangedman_abyss_or_decor_stagger, corexii_checkpoint_a
D:6:      layout_cave_pools, nemelex_spade_bored_becter, minivault_27,
          minmay_parallelograms, kennysheep_boxes
D:7:      layout_basic, enter_bailey_4, palyth_stone_intersect
D:8:      layout_cave_pools, gammafunk_temple_of_torment
Temple:   nicolae_temple_bog_church

Skill      XL: |  1  2  3  4  5  6  7  8  9 10 |
---------------+-------------------------------+-----
Fighting       | 4 5 6 8 10 | 10.4
Shields        | 4 5 |  5.0
Maces & Flails | 3 4 5 7 8 9 |  9.2
Invocations    | 1 3 5 |  5.7
Armour         | |  3.2

Action                   |  1- 3 |  4- 6 |  7- 9 | 10-12 || total
-------------------------+-------+-------+-------+-------++-------
Melee: Flail             |   122 |   215 |   408 |    82 ||   827
Throw: Boomerang         |       |     3 |    15 |       ||    18
Invok: Heroism           |       |       |     4 |     2 ||     6
  Use: Scroll            |       |       |     6 |       ||     6
       Potion            |       |       |       |     1 ||     1
Armor: Scale mail        |    70 |    22 |       |       ||    92
       Ring mail         |       |    86 |   127 |    14 ||   227
Dodge: Dodged            |    61 |    89 |   165 |    31 ||   346
Block: Buckler           |    27 |    65 |   179 |    24 ||   295
       Reflection        |       |       |     6 |       ||     6
